 Dungeon Crawl Stone Soup version 0.23.2-40-g277498a001 (webtiles) character file.

Game seed: 3314658068833808395

70 MrTry the Vandal (level 4, 12/29 HPs)
             Began as a Halfling Hunter on Sept 6, 2019.
             Quit the game on level 2 of the Dungeon.
             The game lasted 00:07:32 (1209 turns).

MrTry the Vandal (Halfling Hunter)                  Turns: 1209, Time: 00:07:32

Health: 12/29      AC:  9    Str: 13    XL:     4   Next: 44%
Magic:  4/4        EV:  8    Int:  9    God:
Gold:   29         SH:  0    Dex: 15    Spells: 3/3 levels left

rFire    . . .     SeeInvis .   a - +2 hunting sling
rCold    . . .     Gourm    .   (shield restricted)
rNeg     . . .     Faith    .   j - +0 chain mail (curse)
rPois    .         Spirit   .   m - +0 helmet
rElec    .         Reflect  .   (no cloak)
rCorr    .         Harm     .   (no gloves)
MR       .....                  (no boots)
Stlth    ..........             (no amulet)
HPRegen  0.09/turn              (no ring)
MPRegen  0.09/turn              (no ring)

@: no status effects
A: small, mutation resistance 1
a: no special abilities


You were on level 2 of the Dungeon.
You were hungry.

You visited 1 branch of the dungeon, and saw 2 of its levels.

You collected 29 gold pieces.

Inventory:

Hand Weapons
 a - a +2 hunting sling (weapon)
 b - a +0 short sword
Missiles
 d - 27 sling bullets (quivered)
 e - 85 stones
Armour
 c - a +0 leather armour
 j - a cursed +0 chain mail (worn)
 m - a +0 helmet (worn)
Jewellery
 i - a +4 ring of dexterity {unknown}
 k - a cursed -2 ring of intelligence {unknown}
Potions
 g - a potion of heal wounds
 h - a potion of mutation {unknown}
Comestibles
 f - 2 rations


   Skills:
 + Level 2.1 Fighting
 + Level 7.7 Slings
 + Level 0.7 Armour
 + Level 2.2 Dodging
 + Level 1.1 Stealth


You had 3 spell levels left.
You didn't know any spells.
Your spell library was empty.

Dungeon Overview and Level Annotations

Branches:
Dungeon (2/15)

Altars:


Innate Abilities, Weirdness & Mutations

You are small and have problems with some larger weapons.
You are somewhat resistant to further mutation.


Message History

You open the door.
A frilled lizard comes into view.
The frilled lizard hisses angrily.
You miss the frilled lizard. The frilled lizard misses you.
The frilled lizard completely misses you.
You clumsily bash the frilled lizard but do no damage.
The frilled lizard completely misses you.
You clumsily bash the frilled lizard but do no damage.
The frilled lizard barely misses you.
The frilled lizard bites you but does no damage.
You clumsily bash the frilled lizard but do no damage.
The frilled lizard bites you.
Your chain mail prevents you from hitting the frilled lizard.
The frilled lizard bites you but does no damage.
The frilled lizard barely misses you.
You clumsily bash the frilled lizard but do no damage.
The frilled lizard bites you.
Welcome back, MrTry the Halfling Hunter.
Press ? for a list of commands and other information.
Are you sure you want to abandon this character and quit the game? (Confirm with "yes".)

*,,,,,,,,,* *,*******,*
*,* *,* ***####+####
*,* *,,,.......* *,*
*,,,,.....,* *,* ######
*,,,,,...,,* *,********
.....# ******#l#***
*,,,,,,,,* .....# #@#
********,* .....# #.#
*,*
.....###########.######
*,*
.....'...............>#
*,*
.....###†#######.####.#
*,* .....# #<# #.# *,*
*,* .....# #.# #.#
*,*********,* .....#
#.# #.# *,*,,,,,,,,,*
.....# #.# #.#
*,*,*********


You could see a frilled lizard.

Vanquished Creatures
  An adder (D:2)
  2 oozes (D:1)
  3 leopard geckos
  A ball python (D:1)
  7 bats
  10 goblins
  5 hobgoblins
  5 jackals (D:2)
  5 kobolds
  A frilled lizard (D:1)
  5 rats
45 creatures vanquished.

Notes
Turn   | Place    | Note
-------+----------+-------------------------------------------
     0 | D:1      | MrTry the Halfling Hunter began the quest for the Orb.
     0 | D:1      | Reached XP level 1. HP: 14/14 MP: 1/1
    57 | D:1      | Reached skill level 6 in Slings
   273 | D:1      | Reached XP level 2. HP: 19/19 MP: 2/2
   408 | D:1      | Reached XP level 3. HP: 21/24 MP: 3/3
   524 | D:1      | Reached skill level 7 in Slings
   967 | D:2      | Reached XP level 4. HP: 14/29 MP: 4/4
  1209 | D:2      | Quit the game

Skill      XL: |  1  2  3 |
---------------+----------+-----
Slings         | 6 7 |  7.7
Fighting       | 2 |  2.1
Armour         | |  0.7
Dodging        | |  2.2
Stealth        | |  1.1

Action                   |  1- 3 |  4- 6 || total
-------------------------+-------+-------++-------
Melee: Hunting sling     |     1 |     6 ||     7
 Fire: Hunting sling     |    67 |    44 ||   111
  Use: Scroll            |     2 |     2 ||     4
       Potion            |       |     1 ||     1
Armor: Leather armour    |     1 |       ||     1
       Chain mail        |    25 |    11 ||    36
Dodge: Dodged            |    15 |    22 ||    37
